 Dungeon Crawl Stone Soup version 0.27.0-1-g7a089689b8 (webtiles) character file.

Game seed: 5895256107288549147

61 BOMJPIETVODKU the Digger (level 4, -1/32 HPs)
             Began as a Gnoll Earth Elementalist on Aug 2, 2021.
             Slain by a hound (3 damage)
             ... on level 2 of the Dungeon.
             The game lasted 00:05:39 (1127 turns).

BOMJPIETVODKU the Digger (Gnoll Earth Elementalist) Turns: 1127, Time: 00:05:40

Health: -1/32      AC:  2    Str:  7    XL:     4   Next: 7%
Magic:  3/11       EV: 13    Int: 15    God:
Gold:   64         SH:  5    Dex: 13    Spells: 9/13 levels left

rFire    + . .     SeeInvis .   f - +0 dagger
rCold    . . .     Faith    .   (no shield)
rNeg     . . .     Spirit   .   b - +0 robe
rPois    .         Reflect  +   (no helmet)
rElec    .         Harm     .   (no cloak)
rCorr    .         Rampage  .   (no gloves)
Will     .....                  (no boots)
Stlth    +++.......             c - amulet of reflection
HPRegen  0.10/turn              e - ring of protection from fire
MPRegen  0.12/turn              (no ring)

@: very slightly contaminated
A: fangs 1, strong nose, distributed training
a: no special abilities


You were on level 2 of the Dungeon.
You visited 1 branch of the dungeon, and saw 2 of its levels.

You collected 64 gold pieces.

Inventory:

Hand Weapons
 f - a +0 dagger (weapon)
Armour
 b - a +0 robe (worn)
Jewellery
 c - an amulet of reflection (around neck)
 e - a ring of protection from fire (left hand)
Scrolls
 d - a scroll of identify {unknown}
 h - a scroll of enchant armour {unknown}
Potions
 a - a potion of curing {unknown}
 g - a potion of flight {unknown}
 i - a potion of heal wounds {unknown}


   Skills:
 + Level 1.0 Fighting
 + Level 1.0 Short Blades
 + Level 1.0 Long Blades
 + Level 1.0 Axes
 + Level 1.0 Maces & Flails
 + Level 1.0 Polearms
 + Level 1.0 Staves
 + Level 1.0 Slings
 + Level 1.0 Bows
 + Level 1.0 Crossbows
 + Level 1.0 Throwing
 + Level 1.0 Armour
 + Level 4.6 Dodging
 + Level 4.2 Stealth
 + Level 1.0 Shields
 + Level 1.0 Unarmed Combat
 + Level 5.0 Spellcasting
 + Level 0.7 Conjurations
 + Level 0.7 Hexes
 + Level 0.7 Summonings
 + Level 0.7 Necromancy
 + Level 0.7 Translocations
 + Level 2.2 Transmutations
 + Level 0.7 Fire Magic
 + Level 0.7 Ice Magic
 + Level 0.7 Air Magic
 + Level 5.4 Earth Magic
 + Level 0.7 Poison Magic
 + Level 1.1 Invocations
 + Level 1.0 Evocations


You had 9 spell levels left.
You knew the following spells:

 Your Spells              Type           Power      Damage    Failure   Level
a - Sandblast             Erth           40%        2d10      1%          1
b - Stone Arrow           Conj/Erth      26%        3d8       14%         3

Your spell library contained the following spells:

 Spells                   Type           Power      Damage    Failure   Level
 Passwall                 Tmut/Erth      12%        N/A       4%          2
 Slow                     Hex            6%         N/A       19%         2
 Petrify                  Tmut/Erth      15%        N/A       32%         4
 Call Canine Familiar     Summ           6%         N/A       34%         3
 Confusing Touch          Hex            6%         N/A       34%         3
 Portal Projectile        Hex/Tloc       12%        N/A       34%         3
 Leda's Liquefaction      Hex/Erth       6%         N/A       41%         4
 Yara's Violent Unravell  Hex/Tmut       4%         3d4       94%         5


Dungeon Overview and Level Annotations

Branches:
Dungeon (2/15)

Altars:


Innate Abilities, Weirdness & Mutations

You have very sharp teeth.
Your uncanny sense of smell can sniff out nearby items.
Your experience applies equally to all skills.


Message History

The quokka closely misses you.
Unknown command.
Press: ? - help, v - describe, . - travel The floor.
Casting: Stone Arrow (quite dangerous; 14% risk of failure)
Confirm with . or Enter, or press ? or * to list all spells.
You don't have enough magic to cast this spell.
You barely miss the hound. The hound barely misses you.
The quokka closely misses you.
You closely miss the hound. Your bite misses the hound.
The hound bites you but does no damage. The quokka completely misses you.
The hound barely misses you.
You closely miss the hound. The hound bites you but does no damage.
You block the quokka's attack.
You closely miss the hound. You block the hound's attack.
You block the quokka's attack. The hound barely misses you.
You hit the hound. Your bite misses the hound.
The hound is lightly wounded.
The quokka bites you. The hound barely misses you.
You block the quokka's attack.
You hit the hound but do no damage.
The hound is lightly wounded.
The hound barely misses you. You block the quokka's attack.
The hound bites you.
You hit the hound.
The hound is moderately wounded.
The hound bites you. The quokka bites you.
* * * LOW HITPOINT WARNING * * *
You closely miss the quokka. The hound bites you.
* * * LOW HITPOINT WARNING * * *
The quokka bites you.
* * * LOW HITPOINT WARNING * * *
You barely miss the quokka. You block the hound's attack.
The quokka barely misses you. The hound bites you.
* * * LOW HITPOINT WARNING * * *
The hound stops to sniff the ground.
The hound closely misses you.
The quokka bites you but does no damage.
The hound bites you.
You die...

...............#...(........
.............>.##...........
............................
............................
............................
............................
.................B..#.#.....
...............#.r.##.# ....
......#.###.....@h..#.. ..#
#.............#...#.###. .#
........###...#.......... .
#...........#..........<..
#....#..#......#....###...
.....#..###...##.##...#...
............#.##.####..##
..........##............#.
..........#.........>.....


You could see a hound, a quokka and a giant cockroach.

Vanquished Creatures
  4 adders (D:2)
  2 endoplasms
  A giant cockroach (D:1)
  A goblin (D:1)
  4 hobgoblins (D:1)
  2 jackals (D:2)
  A quokka (D:1)
  3 ball pythons
  A bat (D:1)
  5 frilled lizards
  A kobold (D:2)
  2 rats
27 creatures vanquished.

Notes
Turn   | Place    | Note
-------+----------+-------------------------------------------
     0 | D:1      | BOMJPIETVODKU the Gnoll Earth Elementalist began the quest
                  | for the Orb.
     0 | D:1      | Reached XP level 1. HP: 13/13 MP: 6/6
   247 | D:1      | Reached XP level 2. HP: 19/19 MP: 7/7
   293 | D:1      | Found a faded altar of an unknown god.
   670 | D:2      | Reached skill level 5 in Spellcasting
   670 | D:2      | Reached XP level 3. HP: 25/25 MP: 4/9
   684 | D:2      | Reached skill level 1 in Invocations
   907 | D:2      | Reached skill level 1 in Fighting
   907 | D:2      | Reached skill level 1 in Short Blades
   907 | D:2      | Reached skill level 1 in Long Blades
   907 | D:2      | Reached skill level 1 in Axes
   907 | D:2      | Reached skill level 1 in Maces & Flails
   907 | D:2      | Reached skill level 1 in Polearms
   907 | D:2      | Reached skill level 1 in Staves
   907 | D:2      | Reached skill level 1 in Slings
   907 | D:2      | Reached skill level 1 in Bows
   907 | D:2      | Reached skill level 1 in Crossbows
   907 | D:2      | Reached skill level 1 in Throwing
   907 | D:2      | Reached skill level 1 in Armour
   907 | D:2      | Reached skill level 1 in Shields
   907 | D:2      | Reached skill level 1 in Unarmed Combat
   907 | D:2      | Reached skill level 1 in Evocations
   910 | D:2      | Reached XP level 4. HP: 32/32 MP: 8/11
  1066 | D:2      | Learned a level 3 spell: Stone Arrow
  1127 | D:2      | Slain by a hound

Illustrated notes

Levels and vault maps discovered:
D:1:      dpeg_arrival_arbitrary_c, layout_rooms,
          dreamdust_ecumenical_altar_angels_and_demons
D:2:      layout_rooms

Skill      XL: |  1  2  3 |
---------------+----------+-----
Transmutations | 2 |  2.2
Spellcasting   | 5 |  5.0
Invocations    | 1 |  1.1
Fighting       | 1 |  1.0
Short Blades   | 1 |  1.0
Long Blades    | 1 |  1.0
Axes           | 1 |  1.0
Maces & Flails | 1 |  1.0
Polearms       | 1 |  1.0
Staves         | 1 |  1.0
Slings         | 1 |  1.0
Bows           | 1 |  1.0
Crossbows      | 1 |  1.0
Throwing       | 1 |  1.0
Armour         | 1 |  1.0
Shields        | 1 |  1.0
Unarmed Combat | 1 |  1.0
Evocations     | 1 |  1.0
Dodging        | |  4.6
Stealth        | |  4.2
Conjurations   | |  0.7
Hexes          | |  0.7
Summonings     | |  0.7
Necromancy     | |  0.7
Translocations | |  0.7
Fire Magic     | |  0.7
Ice Magic      | |  0.7
Air Magic      | |  0.7
Earth Magic    | |  5.4
Poison Magic   | |  0.7

Action                   |  1- 3 |  4- 6 || total
-------------------------+-------+-------++-------
Melee: Unarmed           |     3 |       ||     3
       Dagger            |     5 |    29 ||    34
       Bite              |       |     1 ||     1
 Cast: Sandblast         |    30 |       ||    30
       Stone Arrow       |       |     2 ||     2
 Stab: Sleeping          |     3 |       ||     3
Armor: Robe              |     1 |     5 ||     6
Dodge: Dodged            |     8 |    31 ||    39
Block: Other             |       |    10 ||    10
